 Dungeon Crawl Stone Soup version 0.25-a0-253-g6f1b5d974a (console) character file.

Game seed: 7418565311107274506, levelgen mode: deterministic

1510 Kagalorn the Gusty (level 8, -8/58 HPs)
             Began as a Gnoll Air Elementalist on Dec 5, 2019.
             Killed from afar by Harold (16 damage)
             ... with a harpoon shot
             ... on level 7 of the Dungeon.
             The game lasted 00:17:42 (5939 turns).

Kagalorn the Gusty (Gnoll Air Elementalist)         Turns: 5939, Time: 00:17:43

Health: -8/58      AC:  7    Str: 11    XL:     8   Next: 83%
Magic:  0/17       EV: 16    Int: 19    God:
Gold:   357        SH:  5    Dex: 16    Spells: 9/19 levels left

rFire    + . .     SeeInvis .   a - +1 dagger (venom)
rCold    + . .     Gourm    .   z - +0 buckler
rNeg     + . .     Faith    .   K - +1 robe {rC+ rF+}
rPois    .         Spirit   .   (no helmet)
rElec    .         Reflect  .   E - +0 cloak
rCorr    .         Harm     .   (no gloves)
MR       .....                  B - +2 pair of boots
Stlth    ++++......             (no amulet)
HPRegen  0.19/turn              H - ring of stealth
MPRegen  0.15/turn              C - ring of positive energy

@: marked
A: distributed training, fangs 1, strong nose
a: no special abilities


You were on level 7 of the Dungeon.
You were hungry.

You visited 1 branch of the dungeon, and saw 7 of its levels.

You collected 357 gold pieces.

Inventory:

Hand Weapons
 a - a +1 dagger of venom (weapon)
 f - a +0 short sword
 h - a +0 halberd
 w - a +1 falchion of holy wrath
 F - a +0 shortbow
Missiles
 b - 200 stones
 d - 100 arrows
 k - 17 sling bullets
 o - 52 poisoned darts (quivered)
 I - 4 throwing nets
Armour
 z - a +0 buckler (worn)
 A - a +0 scale mail of cold resistance
 B - a +2 pair of boots (worn)
 E - a +0 cloak (worn)
 K - a +1 robe of resistance (worn)
Jewellery
 m - a +1 ring of evasion {unknown}
 n - an uncursed ring of fire
 C - a ring of positive energy (right hand)
 H - a ring of stealth (left hand)
Wands
 r - a wand of digging (5)
Scrolls
 i - 4 scrolls of blinking {unknown}
 p - 3 scrolls of magic mapping
 t - 2 scrolls of teleportation {unknown}
 u - 3 scrolls of remove curse
 y - a scroll of immolation {unknown}
 G - a scroll of amnesia {unknown}
Potions
 e - 2 potions of lignification
 g - a potion of might {unknown}
 j - 2 potions of curing {unknown}
 l - 3 potions of agility
 q - a potion of resistance {unknown}
 s - 2 potions of mutation {unknown}
 v - a potion of heal wounds {unknown}
 x - a potion of magic {unknown}
 D - a potion of ambrosia {unknown}
Comestibles
 c - 9 rations
 J - a chunk of flesh


   Skills:
 + Level 3.5 Fighting
 + Level 3.5 Short Blades
 + Level 3.5 Long Blades
 + Level 3.5 Axes
 + Level 3.5 Maces & Flails
 + Level 3.5 Polearms
 + Level 3.5 Staves
 + Level 3.5 Slings
 + Level 3.5 Bows
 + Level 3.5 Crossbows
 + Level 3.5 Throwing
 + Level 3.5 Armour
 + Level 5.8 Dodging
 + Level 5.5 Stealth
 + Level 3.5 Shields
 + Level 3.5 Unarmed Combat
 + Level 6.2 Spellcasting
 + Level 3.6 Conjurations
 + Level 2.9 Hexes
 + Level 2.9 Charms
 + Level 2.9 Summonings
 + Level 2.9 Necromancy
 + Level 2.9 Translocations
 + Level 2.9 Transmutations
 + Level 2.9 Fire Magic
 + Level 2.9 Ice Magic
 + Level 6.2 Air Magic
 + Level 2.9 Earth Magic
 + Level 2.9 Poison Magic
 + Level 3.9 Invocations
 + Level 3.5 Evocations


You had 9 spell levels left.
You knew the following spells:

 Your Spells              Type           Power        Failure   Level  Hunger
a - Shock                 Conj/Air       ###.         1%          1    None
b - Static Discharge      Conj/Air       ###.....     4%          3    ##.....
c - Airstrike             Air            ####......   9%          4    ####...
f - Swiftness             Chrm/Air       ###.....     2%          2    None

Your spell library contained the following spells:

 Spells                   Type           Power        Failure   Level  Hunger
 Beastly Appendage        Tmut           ###...       3%          1    None
 Sticks to Snakes         Tmut           ###.....     5%          2    None
 Spider Form              Tmut/Pois      ###.......   11%         3    ##.....
 Ice Form                 Ice/Tmut       ###.....     34%         4    ####...
 Lightning Bolt           Conj/Air       ###.......   38%         5    #####..
 Blade Hands              Tmut           ###.......   67%         5    #####..


Dungeon Overview and Level Annotations

Branches:
Dungeon (7/15)
 Temple: D:4-7

Altars:
Hepliaklqana
Nemelex Xobeh
Qazlal
Yredelemnul
Zin

Annotations:
D:7 Harold


Innate Abilities, Weirdness & Mutations

Your experience applies equally to all skills.
You have very sharp teeth.
Your uncanny sense of smell can sniff out nearby items.


Message History

Harold is almost dead.
Harold casts a spell at you. The harpoon shot hits you.
* * * LOW HITPOINT WARNING * * *
You are yanked forward by the harpoon shot.
Casting: Shock (safe; 1% risk of failure)
Confirm with . or Enter, or press ? or * to list all spells.
Aiming: Shock (safe; 1% risk of failure)
Press: ? - help, Shift-Dir - straight line, f/p - Harold
Aim: Harold, wielding a +0 dire flail and wearing a +0 scale mail (almost dead, poisoned)
The zap hits Harold.
Harold is almost dead.
Harold gestures at you while chanting. The mark upon you grows brighter.
Casting: Shock (safe; 1% risk of failure)
Confirm with . or Enter, or press ? or * to list all spells.
You don't have enough magic to cast that spell.
Harold casts a spell at you. The harpoon shot hits you!
You die...

#....#####....#
####......#..#
####........#
#.....##....##
#............#######
####..#####.........
#....[# #...######
#.###.###.#..# #.#
#...@.@#...# ##.#
#.###..#.....∆
#..###.# #....##..#
##.##.@.# #........#
##.....###
/..####..#
####....### ...## .
..#...### ##.#
..#.#.# #.# ..#...#
#.#


You could see Harold.

Vanquished Creatures
  Sigmund (D:6)
  An orc warrior (D:6)
  A sky beast (D:6)
  2 ogres
  2 centaurs (D:5)
  2 bullfrogs
  A crimson imp (D:6)
  A hound (D:5)
  2 jellies
  An orc priest (D:3)
  A bullfrog skeleton (D:6)
  An iguana (D:7)
  9 worker ants
  2 hound skeletons
  8 gnolls
  6 adders
  An ooze (D:3)
  2 adder zombies
  3 worms
  6 dart slugs
  3 leopard geckos
  17 orcs
  3 giant cockroaches
  9 goblins
  10 hobgoblins
  4 jackals
  A ball python (D:1)
  5 bats
  5 frilled lizards
  4 kobolds
  3 rats
117 creatures vanquished.

Notes
Turn   | Place    | Note
-------+----------+-------------------------------------------
     0 | D:1      | Kagalorn the Gnoll Air Elementalist began the quest for the
                  | Orb.
     0 | D:1      | Reached XP level 1. HP: 13/13 MP: 6/6
   285 | D:1      | Reached XP level 2. HP: 19/19 MP: 3/7
   356 | D:1      | Learned a level 2 spell: Swiftness
   826 | D:2      | Found a basalt altar of Yredelemnul.
   835 | D:2      | Reached skill level 5 in Spellcasting
   835 | D:2      | Reached XP level 3. HP: 25/25 MP: 5/9
   979 | D:2      | Reached skill level 1 in Invocations
   982 | D:2      | Reached skill level 1 in Fighting
   982 | D:2      | Reached skill level 1 in Short Blades
   982 | D:2      | Reached skill level 1 in Long Blades
   982 | D:2      | Reached skill level 1 in Axes
   982 | D:2      | Reached skill level 1 in Maces & Flails
   982 | D:2      | Reached skill level 1 in Polearms
   982 | D:2      | Reached skill level 1 in Staves
   982 | D:2      | Reached skill level 1 in Slings
   982 | D:2      | Reached skill level 1 in Bows
   982 | D:2      | Reached skill level 1 in Crossbows
   982 | D:2      | Reached skill level 1 in Throwing
   982 | D:2      | Reached skill level 1 in Armour
   982 | D:2      | Reached skill level 1 in Shields
   982 | D:2      | Reached skill level 1 in Unarmed Combat
   982 | D:2      | Reached skill level 1 in Evocations
   982 | D:2      | Reached XP level 4. HP: 32/32 MP: 4/11
  1238 | D:2      | Reached skill level 1 in Hexes
  1238 | D:2      | Reached skill level 1 in Charms
  1238 | D:2      | Reached skill level 1 in Summonings
  1238 | D:2      | Reached skill level 1 in Necromancy
  1238 | D:2      | Reached skill level 1 in Translocations
  1238 | D:2      | Reached skill level 1 in Transmutations
  1238 | D:2      | Reached skill level 1 in Fire Magic
  1238 | D:2      | Reached skill level 1 in Ice Magic
  1238 | D:2      | Reached skill level 1 in Earth Magic
  1238 | D:2      | Reached skill level 1 in Poison Magic
  1476 | D:2      | Reached XP level 5. HP: 37/37 MP: 5/12
  1721 | D:2      | Learned a level 3 spell: Static Discharge
  1726 | D:2      | Learned a level 4 spell: Airstrike
  1852 | D:3      | Found a sparkling altar of Nemelex Xobeh.
  2288 | D:3      | Found a hazy altar of Hepliaklqana.
  2818 | D:4      | Reached XP level 6. HP: 40/44 MP: 11/13
  2909 | D:4      | Reached skill level 5 in Dodging
  3212 | D:4      | Found a glowing silver altar of Zin.
  3493 | D:5      | Entered Level 5 of the Dungeon
  3579 | D:5      | Found a stormy altar of Qazlal.
  3595 | D:5      | Reached XP level 7. HP: 48/50 MP: 8/15
  4209 | D:5      | Reached skill level 5 in Stealth
  4446 | D:6      | Noticed Sigmund
  4761 | D:6      | Reached XP level 8. HP: 57/57 MP: 13/16
  5506 | D:6      | Killed Sigmund
  5747 | D:7      | Noticed Harold
  5939 | D:7      | Killed from afar by Harold

Levels and vault maps discovered:
D:1:      dpeg_arrival_pits, layout_basic, serial_rivers,
          chequers_serial_rivers_micro_c, chequers_serial_rivers_room_b,
          chequers_serial_rivers_room_b, chequers_serial_rivers_large_a,
          chequers_serial_rivers_small_b, minmay_misc_feat_cross,
          minmay_misc_feat_alley
D:2:      layout_basic, yredelemnul_altar_generic, guppyfry_early_orc_mine
D:3:      layout_loops_ring, marbit_many_paths,
          nemelex_xobeh_ov_fountains_minmay, grunt_decor_arrowhead,
          feat_on_display
D:4:      layout_basic, zin_scriptorium
D:5:      layout_loops_corners, first_ration, basic_altar
D:6:      layout_rooms, minmay_bent, uniq_sigmund
D:7:      layout_rooms, minmay_temple_entry_statues_pillars, uniq_duvessa,
          uniq_harold

Skill      XL: |  1  2  3  4  5  6  7  8 |
---------------+-------------------------+-----
Conjurations   | 2 3 |  3.6
Spellcasting   | 5 6 |  6.2
Invocations    | 1 2 3 |  3.9
Fighting       | 1 2 3 |  3.5
Short Blades   | 1 2 3 |  3.5
Long Blades    | 1 2 3 |  3.5
Axes           | 1 2 3 |  3.5
Maces & Flails | 1 2 3 |  3.5
Polearms       | 1 2 3 |  3.5
Staves         | 1 2 3 |  3.5
Slings         | 1 2 3 |  3.5
Bows           | 1 2 3 |  3.5
Crossbows      | 1 2 3 |  3.5
Throwing       | 1 2 3 |  3.5
Armour         | 1 2 3 |  3.5
Shields        | 1 2 3 |  3.5
Unarmed Combat | 1 2 3 |  3.5
Evocations     | 1 2 3 |  3.5
Hexes          | 1 2 |  2.9
Charms         | 1 2 |  2.9
Summonings     | 1 2 |  2.9
Necromancy     | 1 2 |  2.9
Translocations | 1 2 |  2.9
Transmutations | 1 2 |  2.9
Fire Magic     | 1 2 |  2.9
Ice Magic      | 1 2 |  2.9
Earth Magic    | 1 2 |  2.9
Poison Magic   | 1 2 |  2.9
Dodging        | 5 |  5.8
Stealth        | 5 |  5.5
Air Magic      | 6 |  6.2

Action                   |  1- 3 |  4- 6 |  7- 9 || total
-------------------------+-------+-------+-------++-------
Melee: Unarmed           |     1 |       |       ||     1
       Dagger            |       |       |    31 ||    31
       Bite              |       |       |    10 ||    10
Throw: Dart              |       |     6 |    18 ||    24
 Cast: Shock             |    34 |   130 |    59 ||   223
       Static Discharge  |       |     1 |     1 ||     2
       Airstrike         |       |     3 |    30 ||    33
       Swiftness         |       |     1 |     1 ||     2
  Use: Scroll            |       |       |     6 ||     6
  Eat: Chunk             |       |     8 |     8 ||    16
       Ration            |       |       |     1 ||     1
Armor: Robe              |     3 |     4 |    15 ||    22
Dodge: Dodged            |    10 |    29 |    56 ||    95
Block: Buckler           |       |       |    18 ||    18

Table legend:
 A = Non-vault XP
 B = Vault XP
 C = Vault XP percentage of total XP
 D = Non-vault monster count
 E = Vault monster count
 F = Vault count percentage of total count
                 A         B        C        D         E       F
            +---------+---------+-------+---------+---------+-------
      Total |    1710 |     448 |  20.8 |     102 |      15 |  12.8
            +---------+---------+-------+---------+---------+-------
        D:1 |      29 |       0 |   0.0 |      16 |       0 |   0.0
        D:2 |     121 |      17 |  12.3 |      27 |       7 |  20.6
        D:3 |      77 |       3 |   3.8 |      13 |       1 |   7.1
        D:4 |     341 |       0 |   0.0 |      15 |       0 |   0.0
        D:5 |     493 |      93 |  15.9 |      13 |       1 |   7.1
        D:6 |     599 |     335 |  35.9 |      16 |       6 |  27.3
        D:7 |      50 |       0 |   0.0 |       2 |       0 |   0.0
            +---------+---------+-------+---------+---------+-------
